 Dungeon Crawl Stone Soup version 0.17.2-1-ge4368a0 (webtiles) character file.

651 Goblin1989 the Covert (level 7, -4/49 HPs)
             Began as a Vampire Assassin on Dec 18, 2016.
             Killed by divine providence
             ... invoked by an orc priest
              (12 damage)
             ... on level 5 of the Dungeon.
             The game lasted 00:18:46 (9569 turns).

Goblin1989 the Covert (Vampire Assassin)            Turns: 9569, Time: 00:18:47

Health: -4/49      AC:  3    Str: 10      XL:     7   Next: 28%
Magic:  7/7        EV: 12    Int: 19      God:
Gold:   355        SH:  0    Dex: 16 (17) Spells: 0 memorised, 6 levels left

rFire  . . .     SeeInvis +     a - +2 dagger
rCold  + + .     Clarity  .     c - +0 robe
rNeg   + + +     SustAt   .     (no shield)
rPois  +         Gourm    .     (no helmet)
rElec  .         Spirit   .     d - +0 cloak
rCorr  .         Warding  .     (no gloves)
rMut   .         Stasis   .     (no boots)
MR     .....                    (no amulet)
Stlth  +++++.....               (no ring)
                                (no ring)

@: brilliant, regenerating slowly, not resistant to hostile enchantments, quite
stealthy
A: fangs 3, see invisible, unbreathing
a: Bat Form


You were on level 5 of the Dungeon.
You were near bloodless.

You visited 1 branch of the dungeon, and saw 5 of its levels.

You collected 355 gold pieces.

Inventory:

Hand Weapons
 a - a +2 dagger (weapon)
 t - a +0 dagger of draining
 w - a +0 blowgun {@w1}
Missiles
 e - 47 poisoned needles
 f - 2 curare-tipped needles
 y - 15 bolts of penetration
Armour
 c - a +0 robe (worn)
 d - a +0 cloak (worn)
Scrolls
 b - 5 scrolls of teleportation {unknown}
 h - 7 scrolls of identify {unknown}
 l - 2 scrolls of magic mapping {unknown}
 m - 3 scrolls of noise {unknown}
 n - a scroll of fear {unknown}
 o - 2 scrolls of remove curse {unknown}
 r - a scroll of enchant weapon {unknown}
 s - a scroll of fog {unknown}
 u - a scroll of blinking {unknown}
 v - a scroll of recharging {unknown}
Potions
 g - a potion of flight {unknown}
 k - a potion of magic {unknown}
 p - 2 potions of agility
 q - 5 potions of blood
 x - a potion of might
 z - a potion of berserk rage {unknown}


   Skills:
 + Level 1.9 Fighting
 * Level 8.0 Short Blades
 - Level 1.5 Throwing
 + Level 1.2 Dodging
 - Level 8.0 Stealth


You had 6 spell levels left.
You didn't know any spells.

Dungeon Overview and Level Annotations

Branches:
Dungeon (5/15)
 Temple: D:4-7

Altars:
Okawaru
Ru


Innate Abilities, Weirdness & Mutations

You heal slowly.
You have razor-sharp teeth.
You have supernaturally acute eyesight.
You can survive without breathing.


Message History

The orc priest looks braver for a moment.
You take 5 damage, and have 14/49 hp.
You barely miss the orc priest.
The orc priest is almost dead.
The orc wizard hits you with a dagger.
* * * LOW HITPOINT WARNING * * *
You take 2 damage, and have 12/49 hp.
Unknown command.
You hit the orc priest but do no damage.
The orc priest is almost dead.
The orc priest misses you. The orc wizard hits you with a dagger.
* * * LOW HITPOINT WARNING * * *
You take 4 damage, and have 8/49 hp.
Drink which item? (? for menu, Esc to quit)
It was a potion of brilliance.
You feel clever all of a sudden.
The orc wizard hits you but does no damage.
The orc priest calls down the wrath of Beogh upon you.
Something smites you!
You die... .......... █......█.██.█ █ ......███ ████.███r██.█████ █.....█ █.█ █.██..██.. █.....█ █.█ █.███.██.. █.....███████. █.█ █.█ █..█.. █.........(... █.█ █.█ ██.█.. █.█∆██.███████████ █.█ █.█ █.███ ..█.██.█.....oooo█ █.█ █.█ █..█ ███.██.█.█ ███@█

█.█ █.█ ██.██ ███.██.█.█████.█.█
█.███∆█████..█ ..█............█.█
█.........██.█ █.████.█.█████.█.█
██.█.........÷
.(████.█.█████.█.█.██.█......██..
....██.█...........██.█......██..
....██.█.......█.████.█......██..
....██......████.█ █.█......████
....██......█ █.█ █.█......████


You could see an orc priest, an orc wizard and 2 orcs.

Vanquished Creatures
  3 scorpions (D:5)
  3 hounds
  A centaur skeleton (D:5)
  2 orc priests
  An orc wizard (D:3)
  A giant frog skeleton (D:4)
  An iguana (D:5)
  2 worker ants
  7 adders
  A gnoll (D:1)
  An ooze (D:1)
  2 worms (D:2)
  4 adder skeletons
  An adder zombie (D:5)
  The ghost of dscm the Charmwright, a weakling OpSk (D:4)
  The ghost of dscm the Scratcher, a weakling FeTm (D:3)
  3 giant geckos
  15 orcs
  5 giant cockroaches
  4 hobgoblins
  8 jackals
  13 kobolds
  3 quokkas
  A ball python zombie (D:3)
  3 bats
  A giant gecko skeleton (D:3)
  4 giant newts
  10 goblins
  A jackal skeleton (D:3)
  6 rats
109 creatures vanquished.

Notes
Turn   | Place    | Note
--------------------------------------------------------------
     0 | D:1      | Goblin1989 the Vampire Assassin began the quest for the Orb.
     0 | D:1      | Reached XP level 1. HP: 16/16 MP: 1/1
   246 | D:1      | Reached skill level 6 in Stealth
   431 | D:1      | Reached XP level 2. HP: 22/22 MP: 2/2
   726 | D:1      | Reached XP level 3. HP: 27/27 MP: 3/3
  1051 | D:2      | Found a sacrificial altar of Ru.
  1170 | D:2      | Found a faded altar to an unknown god.
  1775 | D:2      | Reached XP level 4. HP: 17/33 MP: 4/4
  2356 | D:2      | Reached skill level 7 in Stealth
  2921 | D:3      | Reached XP level 5. HP: 20/38 MP: 5/5
  2932 | D:3      | Reached skill level 5 in Short Blades
  3962 | D:3      | Noticed dscm's ghost (weakling FeTm)
  3968 | D:3      | Killed dscm's ghost
  5133 | D:3      | Found an iron altar of Okawaru.
  5306 | D:4      | Noticed dscm's ghost (weakling OpSk)
  6705 | D:4      | Killed dscm's ghost
  6960 | D:4      | Reached XP level 6. HP: 44/44 MP: 6/6
  7234 | D:5      | Entered Level 5 of the Dungeon
  8775 | D:5      | Reached XP level 7. HP: 37/49 MP: 7/7
  9018 | D:5      | Reached skill level 8 in Stealth
  9569 | D:5      | Killed from afar by an orc priest

Action                   |  1- 3 |  4- 6 |  7- 9 || total
-------------------------+-------+-------+-------++-------
Melee: Dagger            |   103 |   343 |    91 ||   537
 Fire: Blowgun           |       |     1 |       ||     1
 Abil: End Transformatio |       |     2 |       ||     2
       Bat Form          |       |     2 |       ||     2
  Use: Potion            |     1 |    14 |     2 ||    17
 Stab: Sleeping          |    10 |    11 |     1 ||    22
       Distracted        |     1 |       |       ||     1

Vault maps used:
D:1:      dpeg_arrival_arbitrary_c
D:2:      lemuel_round_altar, ecumenical_altar_2, first_bread, minivault_11,
          guppyfry_early_orc_mine
D:3:      overflow_temple_1_default, serial_undead, serial_undead_f,
          serial_undead_d, serial_undead_c, serial_undead_e
